 Dungeon Crawl Stone Soup version 0.26.1-11-gd32895ea62 (webtiles) character file.

Game seed: 15320978087679599241

777 Almogavar the Digger (level 7, -4/39 HPs)
             Began as a Gargoyle Earth Elementalist on May 9, 2021.
             Slain by an orc warrior
             ... wielding a +0 halberd
              (16 damage)
             ... on level 5 of the Dungeon.
             The game lasted 00:14:59 (5160 turns).

Almogavar the Digger (Gargoyle Earth Elementalist)  Turns: 5160, Time: 00:14:59

Health: -4/39      AC:  8    Str: 11    XL:     7   Next: 84%
Magic:  12/13      EV: 12    Int: 18    God:
Gold:   199        SH:  0    Dex: 10    Spells: 13/14 levels left

rFire    . . .     SeeInvis .   j - +0 whip
rCold    . . .     Faith    .   (no shield)
rNeg     + . .     Spirit   .   r - +0 leather armour
rPois    ∞         Reflect  .   (no helmet)
rElec    +         Harm     .   (no cloak)
rCorr    .         Rampage  .   (no gloves)
Will     .....                  (no boots)
Stlth    ++........             (no amulet)
HPRegen  0.13/turn              (no ring)
MPRegen  0.13/turn              (no ring)

@: no status effects
A: negative energy resistance 1, electricity resistance, unbreathing,
petrification resistance, miasma immunity, AC +4
a: no special abilities


You were on level 5 of the Dungeon.
You visited 1 branch of the dungeon, and saw 5 of its levels.

You collected 199 gold pieces.

Inventory:

Hand Weapons
 j - a +0 whip (weapon)
Missiles
 b - 77 stones
 p - 12 bolts
Armour
 r - a +0 leather armour (worn)
 s - a +0 scale mail
 v - a cursed +0 tower shield
Scrolls
 d - 3 scrolls of remove curse
 e - 3 scrolls of blinking
 h - a scroll of fear
 l - 2 scrolls of teleportation
 m - a scroll of amnesia {unknown}
 n - 2 scrolls of enchant armour {unknown}
 q - a scroll of immolation {unknown}
 u - a scroll of enchant weapon {unknown}
Potions
 a - a potion of berserk rage
 c - a potion of lignification {unknown}
 f - 4 potions of heal wounds
 g - a potion of curing {unknown}
 i - 2 potions of might
 k - a potion of haste {unknown}
 o - a potion of invisibility {unknown}
 t - a potion of brilliance {unknown}


   Skills:
 + Level 1.8 Fighting
 + Level 3.1 Maces & Flails
 + Level 2.4 Armour
 + Level 2.7 Dodging
 + Level 3.4 Stealth
 + Level 4.2 Spellcasting
 + Level 0.7 Transmutations
 + Level 6.2 Earth Magic


You had 13 spell levels left.
You knew the following spells:

 Your Spells              Type           Power        Failure   Level
a - Sandblast             Erth           52%          1%          1

Your spell library contained the following spells:

 Spells                   Type           Power        Failure   Level
 Passwall                 Tmut/Erth      13%          7%          2
 Stone Arrow              Conj/Erth      30%          16%         3
 Lee's Rapid Deconstruct  Erth           13%          38%         5
 Petrify                  Tmut/Erth      16%          41%         4


Dungeon Overview and Level Annotations

Branches:
Dungeon (5/15)
 Temple: D:4-7

Altars:
Dithmenos
Elyvilon

Annotations:
D:3 3 runed translucent doors, tobi000's ghost, amateur HuFi


Innate Abilities, Weirdness & Mutations

You are resistant to torment.
Your stone body is resilient. (AC +4)
You are immune to poison.
You resist negative energy. (rN+)
You are resistant to electric shocks. (rElec)
You can survive without breathing.
You are immune to petrification.
You are immune to miasma.


Message History

You barely miss the orc warrior. The orc warrior closely misses you.
You hit the orc warrior but do no damage.
The orc warrior closely misses you.
You hit the orc warrior but do no damage.
You hit the orc warrior.
The orc warrior is lightly wounded.
The orc warrior hits you with a +0 halberd.
* * * LOW HITPOINT WARNING * * *
You closely miss the orc warrior. The orc warrior barely misses you.
You closely miss the orc warrior. The orc warrior barely misses you.
There is a stone staircase leading up here.
Casting: Sandblast (safe; 1% risk of failure)
Confirm with . or Enter, or press ? or * to list all spells.
Aiming: Sandblast (safe; 1% risk of failure)
Press: ? - help, Shift-Dir - straight line, f/p - orc warrior
Aim: an orc warrior, wielding a +0 halberd and wearing a +0 plate armour (19% to evade)
The blast of sand misses the orc warrior.
The orc warrior completely misses you.
The orc warrior hits you from afar with a +0 halberd!
You die...

##....#....#....
##..............l
#..[####......#..
#.<## ###.......
#.## .......
##.##### .......
#.o....##.
.......
#.........
.......
#.@.......
....<..
#.........
#####..... .....
..... .... ...


You could see an orc warrior.

Vanquished Creatures
  Menkaure (D:4)
  An ice beast (D:2)
  2 ogres (D:4)
  A howler monkey (D:2)
  A centaur skeleton (D:4)
  A bullfrog skeleton (D:5)
  4 orc wizards
  A worker ant (D:4)
  4 adders
  2 ufetubi (D:4)
  2 oozes
  2 adder skeletons
  2 worms (D:2)
  7 dart slugs
  A leopard gecko (D:4)
  3 orcs (D:3)
  A ball python (D:3)
  7 bats
  4 giant cockroaches
  7 goblins
  4 hobgoblins
  17 jackals
  6 kobolds
  4 quokkas
  3 frilled lizards
  A jackal skeleton (D:2)
  6 rats
95 creatures vanquished.

Notes
Turn   | Place    | Note
-------+----------+-------------------------------------------
     0 | D:1      | Almogavar the Gargoyle Earth Elementalist began the quest
                  | for the Orb.
     0 | D:1      | Reached XP level 1. HP: 10/10 MP: 3/3
   247 | D:1      | Reached skill level 4 in Earth Magic
   253 | D:1      | Reached XP level 2. HP: 6/15 MP: 0/5
   671 | D:1      | Reached XP level 3. HP: 19/19 MP: 1/6
  1132 | D:2      | Reached skill level 5 in Earth Magic
  1132 | D:2      | Reached XP level 4. HP: 23/24 MP: 4/7
  1173 | D:2      | Found a shadowy altar of Dithmenos.
  1433 | D:2      | Noticed an ice beast
  1448 | D:2      | Killed an ice beast
  1449 | D:2      | Reached XP level 5. HP: 20/28 MP: 0/9
  1551 | D:2      | Reached skill level 1 in Maces & Flails
  1886 | D:2      | Found a white marble altar of Elyvilon.
  2597 | D:3      | Reached XP level 6. HP: 33/33 MP: 11/11
  2610 | D:3      | Found a runed translucent gate.
  2610 | D:3      | Found a runed translucent gate.
  2610 | D:3      | Found a runed translucent gate.
  2656 | D:3      | Reached skill level 1 in Fighting
  3186 | D:3      | Noticed tobi000's ghost (amateur HuFi)
  3518 | D:4      | Noticed Menkaure
  3524 | D:4      | Killed Menkaure
  3707 | D:4      | Reached XP level 7. HP: 38/38 MP: 10/12
  4101 | D:4      | Reached skill level 1 in Armour
  4430 | D:4      | Reached skill level 6 in Earth Magic
  4632 | D:5      | Entered Level 5 of the Dungeon
  5160 | D:5      | Slain by an orc warrior

Illustrated notes

Levels and vault maps discovered:
D:1:      erik_arrival_orb_chamber, layout_loops_ring, minmay_pentomino_u2
D:2:      layout_loops_ring, nicolae_dithmenos_through_a_glass_darkly,
          elyvilon_altar_5, minmay_misc_feat_room, kennysheep_donut
D:3:      layout_rooms, gammafunk_ghost_icy
D:4:      layout_loops_cross, kennysheep_generic_room_8, uniq_menkaure
D:5:      layout_rooms, minmay_temple_entry_trees, serial_shops,
          nicolae_shop_temple_entry_statues_fountains

Skill      XL: |  1  2  3  4  5  6  7 |
---------------+----------------------+-----
Earth Magic    | 4 5 6 |  6.2
Spellcasting   | 3 4 |  4.2
Maces & Flails | 1 2 3 |  3.1
Fighting       | 1 |  1.8
Stealth        | 3 |  3.4
Dodging        | 2 |  2.7
Armour         | 2 |  2.4
Transmutations | |  0.7

Action                   |  1- 3 |  4- 6 |  7- 9 || total
-------------------------+-------+-------+-------++-------
Melee: Unarmed           |    22 |       |       ||    22
       Whip              |     2 |   237 |    78 ||   317
 Cast: Sandblast         |    25 |    31 |    27 ||    83
  Use: Scroll            |       |     6 |     1 ||     7
 Stab: Sleeping          |     2 |     4 |       ||     6
Armor: Robe              |    10 |    32 |       ||    42
       Leather armour    |       |    55 |    34 ||    89
Dodge: Dodged            |    17 |   141 |    73 ||   231
